 Dungeon Crawl Stone Soup version 0.18.1-48-g4cf74bf (webtiles) character file.

4703 Alarkh the Martial Artist (level 10, -1/59 HPs)
             Began as a Vampire Chaos Knight on July 22, 2016.
             Slain by a troll (9 damage)
             ... on level 9 of the Dungeon.
             The game lasted 00:15:08 (8007 turns).

Alarkh the Martial Artist (Vampire Chaos Knight)    Turns: 8007, Time: 00:15:09

Health: -1/59      AC:  8    Str: 11    XL:     10   Next: 21%
Magic:  10/10      EV: 15    Int: 20    God:    Xom [....*.]
Gold:   537        SH:  0    Dex: 16    Spells: 0 memorised, 9 levels left

rFire  . . .     SeeInvis +       - Unarmed
rCold  . . .     Gourm    .     a - +3 leather armour
rNeg   . . .     Faith    .     (no shield)
rPois  .         Spirit   .     (helmet restricted)
rElec  .         Dismiss  .     (no cloak)
rCorr  .         Reflect  .     (no gloves)
SustAt +         Harm     .     q - +0 pair of boots
MR     +....                    (no amulet)
Stlth  ++++......               (no ring)
                                t - ring of sustain attributes

@: regenerating quickly, somewhat resistant to hostile enchantments, stealthy
A: fangs 3, horns 1, talons 1, see invisible, agile 1, clever 1, frail 2,
mutation resistance 1, shaggy fur 1, wild magic 1, unbreathing
a: Renounce Religion


You were on level 9 of the Dungeon.
You worshipped Xom.
You were a beloved toy of Xom.
You were very full.

You visited 2 branches of the dungeon, and saw 10 of its levels.
You also visited: Sewer.

You collected 537 gold pieces.

Inventory:

Armour
 a - a +3 leather armour (worn)
 o - a +0 helmet
 q - a +0 pair of boots (worn)
 u - the +0 shield "Gaedwajess" {Stlth+}
   (You found it on level 5 of the Dungeon)

   It makes you more stealthy.
Jewellery
 t - a ring of sustain attributes (left hand)
Wands
 y - a wand of lightning (9/15)
Scrolls
 b - 3 scrolls of magic mapping
 d - 4 scrolls of noise
 f - a scroll of identify
 h - 2 scrolls of remove curse
 i - 3 scrolls of enchant armour
 j - a scroll of amnesia
 k - a scroll of recharging
 m - 5 scrolls of teleportation
 n - a scroll of random uselessness
 r - 2 scrolls of blinking
 w - a scroll of vulnerability {unknown}
Potions
 c - 3 potions of blood
 e - 4 potions of flight
 g - 2 potions of invisibility
 l - a potion of curing
 p - a potion of might
 s - a potion of berserk rage
 v - a potion of magic
 x - a potion of lignification
 z - 2 potions of heal wounds
 A - a potion of resistance {unknown}


   Skills:
 + Level 5.3 Fighting
 + Level 3.9 Armour
 + Level 5.7 Dodging
 + Level 7.5 Stealth
 * Level 12.5 Unarmed Combat


You had 9 spell levels left.
You didn't know any spells.

Dungeon Overview and Level Annotations

Branches:
Dungeon (9/15)             Temple (1/1) D:7             Orc (0/2) D:9
   Lair: D:8-11

Altars:
Ashenzari
Cheibriados
Dithmenos
Elyvilon
Fedhas
Gozag
Kikubaaqudgha
Makhleb
Nemelex Xobeh
Okawaru
Ru
Sif Muna
Trog
Vehumet
Xom
Yredelemnul
Zin
The Shining One

Shops:
D:5 %   D:6 (


Innate Abilities, Weirdness & Mutations

Your natural rate of healing is unusually fast.
You have razor-sharp teeth.
You have supernaturally acute eyesight.
You can survive without breathing.
You have a pair of small horns on your head.
You have sharp toenails.
You are agile. (Dex +2)
Your mind is acute. (Int +2)
You are very frail (-20% HP).
You are somewhat resistant to further mutation.
You are covered in fur (AC +1).
Your spells are a little harder to cast, but a little more powerful.


Message History

You completely miss the troll. You headbutt the troll. You bite the troll.
The troll is moderately wounded.
You punch the troll!
The troll is severely wounded.
The troll misses you. The troll claws you but does no damage.
The troll claws you!
You closely miss the troll. Your headbutt misses the troll.
The troll is severely wounded.
The troll bites you! The troll claws you.
* * * LOW HITPOINT WARNING * * *
The troll claws you.
* * * LOW HITPOINT WARNING * * *
You punch the troll!
You headbutt the troll, but do no damage.
You bite the troll.
The troll is almost dead.
The troll closely misses you. The troll claws you.
* * * LOW HITPOINT WARNING * * *
The troll claws you!
You die...

### #.#####
#.....# #####.#
#########.########
.................#
#######.###..###.#
........# #..# #@#
.(#####.###..# #T#
#......# #.#
###.##.# #.#
#.##.# #.# #.##.#
#.# #.##.# #.#
#..#.# #.# ##.#.#


You could see a troll.

Vanquished Creatures
  A guardian serpent (D:9)
  The ghost of junkhipster the Shield-Bearer, a novice GrFi (D:5)
  The ghost of ThereIsNoGod the Cleaver, an amateur MiFi (D:4)
  Sigmund (D:2)
  A steam dragon (D:9)
  2 soldier ants (D:8)
  A water moccasin (D:6)
  2 sky beasts
  3 ice beasts
  2 phantoms
  A black bear (D:7)
  2 ogres
  A centaur (D:7)
  A big kobold (Sewer)
  4 giant frogs
  A gnoll sergeant (D:6)
  2 scorpions
  5 killer bees (D:9)
  4 crimson imps
  2 giant frog zombies
  2 centaur zombies
  2 hounds
  A centaur skeleton (D:8)
  3 orc priests
  7 orc wizards
  8 worker ants
  An iguana (D:8)
  2 worker ant zombies
  A howler monkey skeleton (D:8)
  8 adders
  6 gnolls
  A river rat (Sewer)
  An adder zombie (D:5)
  A dart slug (D:3)
  8 giant geckos
  19 orcs
  9 giant cockroaches
  11 goblins
  6 hobgoblins
  3 jackals
  5 quokkas
  14 bats
  5 giant newts
  A jackal zombie (D:5)
  6 kobolds
  9 rats
  2 plants (D:4)
180 creatures vanquished.

Vanquished Creatures (collateral kills)
  A two-headed ogre (D:8)
  An ogre (D:6)
  An eye of draining (D:8)
  An orc (D:6)
4 creatures vanquished.

Vanquished Creatures (others)
  An orc priest (D:4)
  3 orcs (D:4)
  6 plants (D:4)
10 creatures vanquished.

Grand Total: 194 creatures vanquished

Notes
Turn   | Place    | Note
--------------------------------------------------------------
     0 | D:1      | Alarkh the Vampire Chaos Knight began the quest for the Orb.
     0 | D:1      | Reached XP level 1. HP: 17/17 MP: 1/1
    84 | D:1      | XOM: harmless Necr miscast
   171 | D:1      | Reached skill level 4 in Unarmed Combat
   171 | D:1      | Reached XP level 2. HP: 8/23 MP: 2/2
   443 | D:1      | XOM: god gift: 26 stones
   482 | D:2      | XOM: potion effect (curing)
   492 | D:2      | Reached XP level 3. HP: 21/28 MP: 3/3
   504 | D:2      | Noticed Sigmund
   511 | D:2      | Gained mutation: Your spells are a little harder to cast, but a little more powerful. [potion of beneficial mutation]
   517 | D:2      | XOM: confusion (+ monsters)
   538 | D:2      | XOM: mild Divn miscast
   541 | D:2      | Killed Sigmund
   541 | D:2      | Reached skill level 6 in Unarmed Combat
   541 | D:2      | Reached XP level 4. HP: 17/34 MP: 4/4
   541 | D:2      | Reached XP level 5. HP: 19/39 MP: 5/5
   573 | D:2      | XOM: divination: magic mapping
   965 | D:3      | Reached skill level 7 in Unarmed Combat
  1091 | D:3      | Found a glowing drain.
  1122 | Sewer    | XOM: noise
  1122 | Sewer    | Entered a sewer
  1197 | Sewer    | XOM: polymorph kobold -> bat
  1208 | Sewer    | Reached XP level 6. HP: 36/46 MP: 6/6
  1238 | Sewer    | Found a white marble altar of Elyvilon.
  1271 | Sewer    | XOM: summons 3 hostile demons
  1549 | Sewer    | XOM: divination: detect creatures
  1954 | Sewer    | XOM: god gift: potion of curing
  2094 | D:3      | Found a sparkling altar of Nemelex Xobeh.
  2115 | D:3      | Reached skill level 8 in Unarmed Combat
  2175 | D:3      | Found a white marble altar of Elyvilon.
  2396 | D:3      | XOM: draining
  2442 | D:3      | Found a sacrificial altar of Ru.
  2505 | D:3      | XOM: fake destruction
  2539 | D:3      | XOM: polymorph quokka -> giant newt
  2564 | D:3      | Found a shadowy altar of Dithmenos.
  2856 | D:3      | Found a shimmering altar of Xom.
  3059 | D:4      | XOM: 6-stop teleportation journey
  3145 | D:4      | XOM: 2-stop teleportation journey
  3199 | D:4      | Noticed ThereIsNoGod's ghost (amateur MiFi)
  3199 | D:4      | XOM: divine lightning (protected)
  3208 | D:4      | Killed ThereIsNoGod's ghost
  3208 | D:4      | Reached skill level 9 in Unarmed Combat
  3208 | D:4      | Reached XP level 7. HP: 45/51 MP: 7/7
  3215 | D:4      | XOM: swap monsters
  3224 | D:4      | XOM: divine lightning (protected)
  3245 | D:4      | Found an iron altar of Okawaru.
  3247 | D:4      | XOM: god gift: robe {god gift}
  3310 | D:4      | Reached skill level 10 in Unarmed Combat
  3520 | D:4      | XOM: summons friendly quasit
  3570 | D:4      | XOM: colour smoke trail
  4105 | D:5      | Entered Level 5 of the Dungeon
  4133 | D:5      | Found a shattered altar of Ashenzari.
  4178 | D:5      | Noticed junkhipster's ghost (novice GrFi)
  4181 | D:5      | XOM: silly message
  4194 | D:5      | Killed junkhipster's ghost
  4194 | D:5      | Reached skill level 1 in Armour
  4194 | D:5      | Reached XP level 8. HP: 58/58 MP: 8/8
  4312 | D:5      | XOM: blink monster(s)
  4315 | D:5      | XOM: cast spell 'Metabolic Englaciation'
  4382 | D:5      | Found Fywirat's Food Shoppe.
  4392 | D:5      | Got a shimmering shield
  4406 | D:5      | Identified the +0 shield "Gaedwajess" {Stlth+} (You found it on level 5 of the Dungeon)
  4479 | D:5      | XOM: mild Necr miscast
  4596 | D:5      | XOM: colour smoke trail
  4632 | D:5      | Reached skill level 11 in Unarmed Combat
  4672 | D:5      | XOM: medium Pois miscast
  4814 | D:6      | XOM is BORED!
  4814 | D:6      | XOM: 1-stop teleportation journey
  4845 | D:6      | XOM: potion effect (might)
  4997 | D:6      | XOM: enchant monster (bad)
  5234 | D:6      | Found Dyiplihi's Antique Weapon Boutique.
  5238 | D:6      | Reached XP level 9. HP: 60/64 MP: 9/9
  5240 | D:6      | XOM: noise
  5260 | D:6      | XOM: summons 5 friendly demons
  5406 | D:6      | Found a basalt altar of Yredelemnul.
  5452 | D:6      | XOM: give mutations
  5452 | D:6      | Gained mutation: You are agile. (Dex +2) [Xom's mischief]
  5452 | D:6      | Gained mutation: You are frail (-10% HP). [Xom's mischief]
  5452 | D:6      | Gained mutation: You are very frail (-20% HP). [Xom's mischief]
  5860 | D:7      | XOM: cast spell 'Summon Butterflies'
  5880 | D:7      | XOM: confusion (+ monsters)
  5964 | D:7      | Found a staircase to the Ecumenical Temple.
  5970 | Temple   | Entered the Ecumenical Temple
  6116 | Temple   | XOM: harmless Ice miscast
  6204 | D:7      | XOM: smoke on damage
  6210 | D:7      | Reached skill level 5 in Stealth
  6213 | D:7      | XOM: divination: detect creatures
  6388 | D:7      | XOM: colour smoke trail
  6411 | D:7      | Found a blossoming altar of Fedhas.
  6438 | D:7      | XOM is BORED!
  6561 | D:8      | Reached skill level 12 in Unarmed Combat
  6564 | D:8      | Found a radiant altar of Vehumet.
  6752 | D:8      | Reached skill level 5 in Dodging
  6796 | D:8      | Found a deep blue altar of Sif Muna.
  6896 | D:8      | XOM: summons 5 friendly demons
  6898 | D:8      | XOM: cast spell 'Spider Form'
  6965 | D:8      | XOM: give mutations
  6965 | D:8      | Gained mutation: You evolve. [Xom's grace]
  6965 | D:8      | Gained mutation: You have sharp toenails. [Xom's grace]
  6965 | D:8      | Gained mutation: You rapidly evolve. [Xom's grace]
  6965 | D:8      | Gained mutation: You are covered in fur (AC +1). [Xom's grace]
  7017 | D:8      | XOM: harmless Chrm miscast
  7250 | D:8      | XOM: cast spell 'Chain of Chaos'
  7276 | D:8      | Reached skill level 5 in Fighting
  7528 | D:8      | Reached XP level 10. HP: 48/59 MP: 10/10
  7542 | D:8      | Found an opulent altar of Gozag.
  7655 | D:9      | Found a staircase to the Orcish Mines.
  7662 | D:9      | XOM: butterfly on damage
  7764 | D:9      | XOM: vitrification
  7821 | D:9      | Noticed a guardian serpent
  7829 | D:9      | XOM: butterfly on damage
  7833 | D:9      | Killed a guardian serpent
  7898 | D:9      | XOM: give mutations
  7898 | D:9      | Gained mutation: Your mind is acute. (Int +2) [Xom's grace]
  7898 | D:9      | Lost mutation: You rapidly evolve. [Xom's grace]
  7898 | D:9      | Lost mutation: You evolve. [Xom's grace]
  7898 | D:9      | Gained mutation: You are somewhat resistant to further mutation. [Xom's grace]
  7898 | D:9      | Gained mutation: You have a pair of small horns on your head. [Xom's grace]
  8002 | D:9      | XOM: god gift: 27 stones
  8007 | D:9      | Slain by a troll

Skill      XL: |  1  2  3  4  5  6  7  8  9 10 |
---------------+-------------------------------+-----
Unarmed Combat | 4 6 7 9 10 11 12 | 12.5
Fighting       | 3 5 |  5.3
Armour         | 1 2 3 |  3.9
Stealth        | 2 4 6 7 |  7.5
Dodging        | 4 5 |  5.7

Action                   |  1- 3 |  4- 6 |  7- 9 | 10-12 || total
-------------------------+-------+-------+-------+-------++-------
Melee: Unarmed           |    82 |   239 |   428 |    64 ||   813
       Bite              |     9 |    19 |    45 |     8 ||    81
       Punch             |       |     5 |    23 |     1 ||    29
       Headbutt          |       |       |       |     2 ||     2
 Abil: End Transformatio |       |     1 |     2 |       ||     3
       Bat Form          |       |     1 |     2 |       ||     3
  Use: Potion            |     6 |    12 |    24 |     4 ||    46
       Scroll            |       |     4 |    11 |     1 ||    16
 Stab: Sleeping          |     2 |     1 |    15 |     5 ||    23
       Confused          |       |       |     1 |       ||     1
Armor: Leather armour    |    33 |    83 |    99 |    14 ||   229
       Skin              |       |     3 |    11 |       ||    14
Dodge: Dodged            |    55 |   146 |   219 |    37 ||   457
